 Dungeon Crawl Stone Soup version 0.31.0-11-ge490571c62 (webtiles) character file.

Game seed: 754630400495945443

2019 ssalbiz the Thaumaturge (level 9, -2/46 HPs)
             Began as a Deep Elf Conjurer on Feb 3, 2024.
             Was a Follower of Sif Muna.
             Killed from afar by an orc wizard (7 damage)
             ... with a magic dart
             ... on level 6 of the Dungeon.
             The game lasted 00:11:49 (7041 turns).

ssalbiz the Thaumaturge (Deep Elf Conjurer)         Turns: 7041, Time: 00:11:50

Health: -2/46      AC:  4    Str:  4    XL:     9   Next: 3%
Magic:  20/26      EV: 18    Int: 28    God:    Sif Muna [*.....]
Gold:   782        SH:  0    Dex: 13    Spells: 19/30 levels left

rFire   . . .        E - +0 dagger
rCold   . . .        (no shield)
rNeg    . . .        a - +0 robe
rPois   .            (no helmet)
rElec   .            i - +0 cloak
rCorr   .            v - +0 pair of gloves
SInv    +            (no boots)
Will    .....        (no amulet)
Stlth   ++           u - ring of see invisible
HPRegen 0.27/turn    A - +5 ring of evasion
MPRegen 0.20/turn

%: no passive effects
@: no status effects
A: no striking features
a: Renounce Religion, Channel Magic


You were on level 6 of the Dungeon.
You worshipped Sif Muna.
Sif Muna was aware of your devotion.
You visited 1 branch of the dungeon, and saw 6 of its levels.

You collected 782 gold pieces.

Inventory:

Hand Weapons
 E - a +0 dagger (weapon)
Armour
 a - a +0 robe (worn)
 i - a +0 cloak (worn)
 v - a +0 pair of gloves (worn)
Jewellery
 u - a ring of see invisible (left hand)
 x - a ring of resist corrosion
 A - a +5 ring of evasion (right hand)
Wands
 n - a wand of paralysis (6)
 q - a wand of flame (27)
 w - a wand of polymorph (10)
 y - a wand of light (6)
 C - a wand of digging (3)
Scrolls
 c - 4 scrolls of summoning {unknown}
 d - 2 scrolls of enchant armour {unknown}
 f - 3 scrolls of identify {unknown}
 o - a scroll of enchant weapon {unknown}
 p - a scroll of blinking {unknown}
 t - 2 scrolls of teleportation {unknown}
 z - a scroll of fog {unknown}
 D - a scroll of silence {unknown}
Potions
 b - a potion of magic
 g - 2 potions of resistance {unknown}
 h - a potion of ambrosia {unknown}
 j - 2 potions of curing {unknown}
 k - 2 potions of invisibility {unknown}
 l - a potion of heal wounds {unknown}
 m - 2 potions of attraction {unknown}
 r - 5 potions of might {unknown}
 s - a potion of brilliance {unknown}


   Skills:
 + Level 0.6 Fighting
 + Level 0.6 Armour
 + Level 3.2 Dodging
 - Level 2.9 Stealth
 - Level 11.0 Spellcasting
 - Level 9.0 Conjurations
 - Level 4.0 Alchemy


You had 19 spell levels left.
You knew the following spells:

 Your Spells              Type           Power      Damage    Failure   Level
a - Magic Dart            Conj           100%       1d8       1%          1
b - Searing Ray           Conj           100%       2d8       1%          2
c - Fulminant Prism       Conj/Alch      25%        3d14      2%          4
d - Iskenderun's Mystic   Conj/Tloc      40%        2d9       5%          4

Your spell library contained the following spells:

 Spells                   Type           Power      Damage    Failure   Level
 Necrotise                Necr           60%        1d7       3%          1
 Vampiric Draining        Necr           15%        2d7       11%         3
 Martyr's Knell           Necr/Summ      15%        N/A       34%         4
 Curse of Agony           Necr           15%        N/A       69%         5


Dungeon Overview and Level Annotations

Branches:
Dungeon (6/15)
 Temple: D:4-7

Altars:
Dithmenos
Okawaru
Qazlal
Ru
Sif Muna
Trog
Yredelemnul

Shops:
D:6 *

Annotations:
D:4 1 runed translucent door, exclusion: door, Crazy Yiuf


Message History

The orc priest hits you with a +0 dagger.
Okay, then.
Unknown command.
You barely miss the orc priest.
The orc priest is almost dead.
The orc wizard hits you with a +4 dagger of speed.
The orc priest calls down the wrath of Beogh upon you.
Pain shoots through your body!
* * * LOW HITPOINT WARNING * * *
The orc hits you with a +0 dagger.
* * * LOW HITPOINT WARNING * * *
The orc wizard hits you with a +4 dagger of speed.
* * * LOW HITPOINT WARNING * * *
You hit the orc priest.
You kill the orc priest!
Sif Muna accepts your kill. The orc wizard closely misses you.
The orc completely misses you.
You feel less confused. The orc wizard completely misses you.
The orc wizard casts a spell at you. The magic dart hits you.
* * * LOW HITPOINT WARNING * * *
Things that are here:
a +0 dagger; an orc corpse Unknown command.
Unknown command.
Casting: Searing Ray (safe; 1% risk of failure)
Confirm with . or Enter, or press ? or * to list all spells.
Aiming: Searing Ray (safe; 1% risk of failure)
Press: ? - help, Shift-Dir - straight line, f - orc
Aim: an orc, wielding a +0 dagger (83% to hit)
The searing ray hits the orc!
You kill the orc!
Sif Muna accepts your kill. (Press . to maintain the ray.)
The searing ray hits the orc wizard.
The orc wizard is almost dead.
The orc wizard gestures at you while chanting.
The magic dart hits you!
You die...

## #.#.......#.#.####
#..#...##.##...#....#
#
#.#.#.#...#.#.#.##.#
#. ...#...⌠...#...#
.# #.#
#.#.#...#.#.#.# .
#...#.).##.##...#..#
#
#.#.#.#.......#.#.##
#.#...##.###.##...#
#.#.#@..........#.#
#...##o###.###.##..
###...............#
##.###.###.### #. ..#
##.. # .### . o# o.
.o


You could see an orc wizard.

Vanquished Creatures
  Grinder (D:5)
  Sigmund (D:4)
  Edmund (D:6)
  Duvessa (D:5)
  A centaur (D:6)
  An ogre (D:4)
  A bullfrog (D:6)
  2 scorpions
  Dowan (D:5)
  A howler monkey (D:4)
  3 bombardier beetles
  7 crimson imps (D:6)
  2 orc priests
  4 hounds
  A jelly (D:5)
  A gnoll bouda (D:5)
  A sleepcap (D:5)
  2 orc wizards
  6 iguanas
  7 gnolls
  4 adders
  A shadow imp (D:6)
  2 white imps (D:6)
  2 ribbon worms
  3 dart slugs (D:2)
  6 orcs
  2 bats (D:1)
  10 endoplasms
  2 giant cockroaches
  9 goblins
  4 hobgoblins
  2 jackals
  7 quokkas
  8 ball pythons
  5 frilled lizards
  4 kobolds
  7 rats
123 creatures vanquished.

Vanquished Creatures (others)
  A fulminant prism (D:6)
1 creature vanquished.

Grand Total: 124 creatures vanquished

Notes
Turn   | Place    | Note
-------+----------+-------------------------------------------
     0 | D:1      | ssalbiz the Deep Elf Conjurer began the quest for the Orb.
     0 | D:1      | Reached XP level 1. HP: 10/10 MP: 6/6
   264 | D:1      | Reached XP level 2. HP: 13/15 MP: 4/8
   365 | D:1      | Learned a level 2 spell: Searing Ray
   777 | D:2      | Reached XP level 3. HP: 19/19 MP: 7/10
   949 | D:2      | Found a stormy altar of Qazlal.
  1077 | D:2      | Reached skill level 4 in Spellcasting
  1119 | D:2      | Reached skill level 5 in Conjurations
  1659 | D:2      | Identified the +0 robe "Dec Axt" {Rampage ^Drain Str+7
                  | Dex-5}
  2122 | D:3      | Reached XP level 4. HP: 24/24 MP: 7/12
  2283 | D:3      | Noticed a scorpion
  2288 | D:3      | Killed a scorpion
  2289 | D:3      | Reached skill level 5 in Spellcasting
  2289 | D:3      | Reached XP level 5. HP: 24/28 MP: 6/14
  2454 | D:3      | Found an iron altar of Okawaru.
  2676 | D:3      | Found the +8 trident of the Octopus King {venom, rElec
                  | rPois}
  2798 | D:3      | Found a shadowy altar of Dithmenos.
  3075 | D:4      | Learned a level 4 spell: Fulminant Prism
  3080 | D:4      | Learned a level 4 spell: Iskenderun's Mystic Blast
  3090 | D:4      | Noticed an ogre
  3096 | D:4      | Killed an ogre
  3097 | D:4      | Reached skill level 6 in Spellcasting
  3097 | D:4      | Reached XP level 6. HP: 32/32 MP: 9/17
  3152 | D:4      | Found a bloodstained altar of Trog.
  3426 | D:5      | Entered Level 5 of the Dungeon
  3603 | D:4      | Reached skill level 7 in Spellcasting
  3766 | D:4      | Found a runed translucent door.
  3767 | D:4      | Noticed Crazy Yiuf
  3809 | D:4      | Noticed Sigmund
  3814 | D:4      | Killed Sigmund
  3815 | D:4      | Reached XP level 7. HP: 32/36 MP: 14/20
  4088 | D:4      | Found a shimmering blue altar of Sif Muna.
  4088 | D:4      | Found a stormy altar of Qazlal.
  4334 | D:4      | Became a worshipper of Sif Muna the Loreminder
  4416 | D:5      | Noticed Grinder
  4453 | D:5      | Reached skill level 8 in Spellcasting
  4566 | D:5      | HP: 1/36 [Grinder (3)]
  4569 | D:5      | Killed Grinder
  4979 | D:5      | Reached XP level 8. HP: 41/41 MP: 13/22
  5072 | D:5      | Reached skill level 9 in Spellcasting
  5706 | D:5      | Found a basalt altar of Yredelemnul.
  5707 | D:5      | Noticed Duvessa
  5710 | D:5      | Noticed Dowan
  5714 | D:5      | Killed Duvessa
  5718 | D:5      | Killed Dowan
  5890 | D:5      | Reached skill level 1 in Alchemy
  5952 | D:5      | Found a sacrificial altar of Ru.
  6121 | D:6      | Found Serphaxt's Assorted Antiques.
  6209 | D:6      | Reached skill level 10 in Spellcasting
  6525 | D:6      | Noticed Edmund
  6530 | D:6      | Killed Edmund
  6678 | D:6      | Reached * piety under Sif Muna
  6856 | D:6      | Reached skill level 11 in Spellcasting
  6973 | D:6      | Reached XP level 9. HP: 46/46 MP: 22/26
  7041 | D:6      | Killed from afar by an orc wizard

Illustrated notes

Levels and vault maps discovered:
D:1:      shiori_arrival_oz, layout_rooms, minmay_surrounded
D:2:      minmay_diamond_boxcup, layout_rooms, basic_altar
D:3:      layout_basic, mainiacjoe_overflow_tiny_flanked,
          mainiacjoe_overflow_six_doors_small, corexii_hall_statues_x,
          grunt_ministairs_9, kennysheep_donut, dreamdust_princess_corridor
D:4:      layout_cave_pools, trog_three_pillars_becter,
          nicolae_overflow_two_pavilions, minmay_diced_spiral, uniq_sigmund,
          uniq_crazy_yiuf_cottage
D:5:      layout_loops_ring, lemuel_coloured_pillars_altar,
          yredelemnul_altar_generic, nicolae_kite_square_tiling_tiny,
          uniq_grinder, uniq_duvessa
D:6:      layout_loops_corners, mainiacjoe_overflow_brackets, serial_shops,
          nicolae_shop_advertising_works [nicolae_subvault_shop_adworks],
          nicolae_concentric_dashed_squares_wild, minmay_nine_imps,
          uniq_jeremiah, uniq_edmund

Skill      XL: |  1  2  3  4  5  6  7  8 |
---------------+-------------------------+-----
Spellcasting   | 4 5 6 7 8 11 | 11.0
Conjurations   | 5 6 7 8 9 |  9.0
Alchemy        | 4 |  4.0
Dodging        | 3 |  3.2
Fighting       | |  0.6
Armour         | |  0.6
Stealth        | |  2.9

Action                     |  1- 3 |  4- 6 |  7- 9 || total
---------------------------+-------+-------+-------++-------
  Melee: Dagger            |       |       |     3 ||     3
   Cast: Magic Dart        |    79 |    48 |    71 ||   198
         Searing Ray       |     4 |    14 |    33 ||    51
         Fulminant Prism   |       |       |     1 ||     1
 Armour: Robe              |     4 |     6 |    24 ||    34
  Dodge: Dodged            |     5 |     8 |    34 ||    47
